 Dungeon Crawl Stone Soup version 0.30.0-29-ga12c61a403 (webtiles) character file.

Game seed: 3515461906247192389

16 safid the Chiller (level 2, 0/20 (21) HPs)
             Began as a Merfolk Ice Elementalist on June 6, 2023.
             Slain by an adder (3 damage)
             ... on level 2 of the Dungeon.
             The game lasted 00:00:56 (859 turns).

safid the Chiller (Merfolk Ice Elementalist)         Turns: 859, Time: 00:00:57

HP:   0/20 (21)     AC:  2    Str:  8    XL:     2   Next: 54%
MP:   0/5           EV: 12    Int: 14    God:
Gold: 87            SH:  0    Dex: 14    Spells: 4/5 levels left

rFire   . . .        f - +0 short sword
rCold   . . .        (no shield)
rNeg    . . .        a - +0 robe
rPois   .            (no helmet)
rElec   .            (no cloak)
rCorr   .            (no gloves)
SInv    .            (no boots)
Will    .....        (no amulet)
Stlth   ++           (no ring)
HPRegen 0.23/turn    (no ring)
MPRegen 0.09/turn

%: no passive effects
@: brilliant, lethally poisoned (0 -> -3), lightly drained
A: (nimble swimmer 2), mertail
a: no special abilities


You were on level 2 of the Dungeon.
You visited 1 branch of the dungeon, and saw 2 of its levels.

You collected 87 gold pieces.

Inventory:

Hand Weapons
 f - a +0 short sword (weapon)
Armour
 a - a +0 robe (worn)
Jewellery
 j - an amulet of faith
Scrolls
 g - 4 scrolls of identify {unknown}
 i - a scroll of magic mapping {unknown}
Potions
 b - a potion of magic
 c - a potion of attraction {unknown}
 e - 2 potions of heal wounds {unknown}
 h - a potion of resistance {unknown}


   Skills:
 + Level 1.2 Fighting
 - Level 2.6 Dodging
 - Level 2.1 Stealth
 + Level 2.3 Spellcasting
 + Level 4.6 Ice Magic


You had 4 spell levels left.
You knew the following spells:

 Your Spells              Type           Power      Damage    Failure   Level
a - Freeze                Ice            88%        1d9       3%          1

Your spell library contained the following spells:

 Spells                   Type           Power      Damage    Failure   Level
 Frozen Ramparts          Ice            44%        1d7       11%         3
 Ozocubu's Armour         Ice            22%        N/A       11%         3
 Inner Flame              Hex/Fire       2%         N/A       56%         3
 Summon Ice Beast         Ice/Summ       12%        N/A       65%         4
 Flame Wave               Conj/Fire      2%         2d4       93%         4
 Sticky Flame             Conj/Fire      2%         2d3       93%         4


Dungeon Overview and Level Annotations

Branches:
Dungeon (2/15)

Altars:


Innate Abilities, Weirdness & Mutations

((You are very nimble when in or above water. (Stealth+, EV+, Speed+++)))
Your lower body shifts to a powerful aquatic tail in water.


Message History

The kobold barely misses you. The adder closely misses you.
Unknown command.
The kobold hits you with a +2 whip of draining.
You feel drained. The adder attacks as you move away! The adder bites you. x2
You are poisoned.
The adder poisons you!
Casting: Freeze (safe; 3% risk of failure)
Confirm with . or Enter, or press ? or * to list all spells.
Aiming: Freeze (safe; 3% risk of failure)
Press: ? - help, Shift-Dir - straight line, f - adder
Aim: an adder You freeze the adder.
The adder is moderately wounded.
The adder seems to slow down.
You feel sick.
Unknown command.
Casting: Freeze (safe; 3% risk of failure)
Confirm with . or Enter, or press ? or * to list all spells.
You don't have enough magic to cast this spell.
Unknown command.
You miss the adder.
The adder is moderately wounded.
You feel sick. The adder bites you.
You miss the adder.
The adder is moderately wounded.
You feel sick. The adder bites you.
* * * LOW HITPOINT WARNING * * *
You hit the adder but do no damage.
The adder is moderately wounded.
You feel sick.
You are no longer poisoned.
The adder bites you.
* * * LOW HITPOINT WARNING * * *
You are lethally poisoned!
The adder poisons you!
It was a potion of brilliance.
You feel clever all of a sudden.
* * * LOW HITPOINT WARNING * * *
You feel sick. The adder bites you.
You die...

....... # .......
..#..........
..#.........
....!......
#..........
#†.........
#########K)........
.......@SKg........
##...>.##>.<......?
#####.[...........
#####....$..##
####..### .## .# .
#


You could see an adder (slow), a goblin and 2 kobolds.

Vanquished Creatures
  4 bats
  2 endoplasms (D:1)
  A giant cockroach (D:1)
  2 goblins (D:2)
  A hobgoblin (D:1)
  2 kobolds (D:1)
  A ball python (D:1)
13 creatures vanquished.

Notes
Turn   | Place    | Note
-------+----------+-------------------------------------------
     0 | D:1      | safid the Merfolk Ice Elementalist began the quest for the
                  | Orb.
     0 | D:1      | Reached XP level 1. HP: 13/13 MP: 3/3
   264 | D:1      | Reached XP level 2. HP: 17/20 MP: 3/5
   311 | D:1      | Reached skill level 1 in Fighting
   571 | D:1      | You fall into a shaft and drop 1 floor!
   859 | D:2      | Slain by an adder

Illustrated notes

Levels and vault maps discovered:
D:1:      saegor_arrival_simple_d, layout_loops_ring,
          chequers_serial_rivers_small_b
D:2:      layout_rooms, kennysheep_generic_room_8

Skill      XL: |  1  2 |
---------------+-------+-----
Fighting       | 1 |  1.2
Dodging        | |  2.6
Stealth        | |  2.1
Spellcasting   | |  2.3
Ice Magic      | |  4.6

Action                     || total
---------------------------++-------
  Melee: Short sword       ||    16
         Unarmed           ||     2
         Punch             ||     1
   Cast: Freeze            ||    16
    Use: Potion            ||     1
 Armour: Robe              ||     6
  Dodge: Dodged            ||    26
